 Dungeon Crawl Stone Soup version 0.23.0 (webtiles) character file.

Game seed: 10115619823444630921

1064 jgonzale2218 the Cutter (level 8, -2/61 HPs)
             Began as a Demonspawn Berserker on Feb 20, 2019.
             Was a Priest of Trog.
             Slain by an ogre
             ... wielding a +0 giant club
              (17 damage)
             ... on level 6 of the Dungeon.
             The game lasted 00:23:01 (5143 turns).

jgonzale2218 the Cutter (Demonspawn Berserker)      Turns: 5143, Time: 00:23:02

Health: -2/61      AC:  6    Str: 25    XL:     8   Next: 6%
Magic:  8/8        EV: 13    Int:  8    God:    Trog [***...]
Gold:   245        SH:  8    Dex: 13    Spells: 7/7 levels left

rFire    + . .     SeeInvis .   o - +4 short sword
rCold    + . .     Gourm    .   k - +0 shield
rNeg     . . .     Faith    .   q - +1 robe of Midwinter {Slay+3}
rPois    .         Spirit   .   d - +0 helmet
rElec    .         Reflect  .   (no cloak)
rCorr    .         Harm     .   (no gloves)
MR       .....                  (no boots)
Stlth    +.........             (no amulet)
HPRegen  0.20/turn              f - +3 ring of evasion
MPRegen  0.11/turn              p - ring of protection from fire

@: mighty
A: hooves 2, thin metallic scales 1, cold resistance 1
a: Berserk, Trog's Hand, Renounce Religion


You were on level 6 of the Dungeon.
You worshipped Trog.
Trog was most pleased with you.
You were not hungry.

You visited 1 branch of the dungeon, and saw 6 of its levels.

You collected 245 gold pieces.

Inventory:

Hand Weapons
 a - a +0 falchion
 o - a +4 short sword (weapon)
Missiles
 n - 8 poisoned tomahawks (quivered)
 v - 2 tomahawks of returning
Armour
 b - a +0 animal skin
 d - a +0 helmet (worn)
 k - a +0 shield (worn)
 m - a +1 chain mail
 q - the +1 robe of Midwinter (worn) {Slay+3}
   (You found it on level 5 of the Dungeon)

   It affects your accuracy and damage with ranged weapons and melee attacks
   (+3).
Jewellery
 f - a +3 ring of evasion (left hand)
 p - a ring of protection from fire (right hand)
Scrolls
 g - a scroll of noise
 r - a scroll of remove curse
 s - a scroll of enchant armour
 t - a scroll of vulnerability {unknown}
 u - a scroll of magic mapping
Potions
 e - a potion of degeneration
 h - a potion of ambrosia {unknown}
 i - 2 potions of resistance {unknown}
 l - a potion of lignification
Comestibles
 c - 5 rations


   Skills:
 + Level 4.6 Fighting
 + Level 4.9(5.7) Short Blades
 + Level 4.3(5.4) Long Blades
 + Level 3.9 Armour
 + Level 3.4 Dodging
 + Level 1.0 Stealth
 + Level 0.7 Shields


You had 7 spell levels left.
You didn't know any spells.
Your spell library was empty.

Dungeon Overview and Level Annotations

Branches:
Dungeon (6/15)             Temple (0/1) D:4

Altars:
Nemelex Xobeh
Okawaru

Shops:
D:6 (


Innate Abilities, Weirdness & Mutations

You have hoof-like feet.
You are partially covered in thin metallic scales. (AC +2)
Your flesh is cold resistant. (rC+)


Message History

The hornet zombie is almost destroyed.
The hornet zombie hits you!
You hit the hornet zombie.
The hornet zombie is almost destroyed.
You block the hornet zombie's attack.
You completely miss the hornet zombie.
The hornet zombie is almost destroyed.
The hornet zombie hits you!
* * * LOW HITPOINT WARNING * * *
You hit the hornet zombie.
You destroy the hornet zombie!
Trog accepts your kill.
Your Stealth skill increases to level 1!
You have reached level 8!
You feel agile. The ogre closely misses you.
It was a potion of might.
You feel very mighty all of a sudden. The ogre hits you with a +0 giant club!
You die...

# ........ .. #<# #.
.... .<.####.#####.#
.##...♣. ............#
#......######...####.#
#....♣∩♣......#......#
#.....# #...######
#....♣ ##.##
#=.#########.#
#..O@....†...#
##############


You could see an ogre.

Vanquished Creatures
  A hungry ghost (D:3)
  A hornet zombie (D:6)
  An ice beast (D:5)
  An ogre (D:4)
  A howler monkey (D:4)
  A bullfrog zombie (D:3)
  2 crimson imps
  A bullfrog skeleton (D:5)
  3 orc priests
  A hound (D:4)
  An iguana (D:4)
  2 orc wizards
  4 worker ants
  3 gnolls (D:3)
  4 adders
  A shadow imp (D:5)
  3 oozes
  4 worms
  5 dart slugs
  4 leopard geckos
  13 orcs
  2 giant cockroaches
  8 goblins
  7 hobgoblins
  7 jackals
  2 quokkas
  11 bats
  8 frilled lizards
  9 kobolds
  6 rats
117 creatures vanquished.

Notes
Turn   | Place    | Note
-------+----------+-------------------------------------------
     0 | D:1      | jgonzale2218 the Demonspawn Berserker began the quest for
                  | the Orb.
     0 | D:1      | Reached XP level 1. HP: 18/18 MP: 1/1
    77 | D:1      | Found a sparkling altar of Nemelex Xobeh.
   433 | D:1      | Gained mutation: You have large cloven feet. [demonic
                  | ancestry]
   433 | D:1      | Reached XP level 2. HP: 24/24 MP: 2/2
   895 | D:2      | Noticed a crimson imp
   901 | D:2      | Reached XP level 3. HP: 25/29 MP: 3/3
  1202 | D:2      | Gained mutation: Your flesh is cold resistant. (rC+)
                  | [demonic ancestry]
  1202 | D:2      | Reached XP level 4. HP: 16/35 MP: 4/4
  1425 | D:2      | Reached ** piety under Trog
  1953 | D:2      | Found an iron altar of Okawaru.
  2455 | D:3      | Noticed a hungry ghost
  2486 | D:3      | Killed a hungry ghost
  2486 | D:3      | Reached skill level 1 in Short Blades
  2486 | D:3      | Gained mutation: You are partially covered in thin metallic
                  | scales. (AC +2) [demonic ancestry]
  2486 | D:3      | Reached XP level 5. HP: 14/42 MP: 5/5
  2495 | D:3      | Reached XP level 6. HP: 12/48 MP: 6/6
  3157 | D:3      | Reached *** piety under Trog
  3724 | D:4      | Found a staircase to the Ecumenical Temple.
  3827 | D:4      | Gained mutation: You have hoof-like feet. [demonic
                  | ancestry]
  3827 | D:4      | Reached XP level 7. HP: 54/54 MP: 7/7
  4297 | D:5      | Entered Level 5 of the Dungeon
  4663 | D:5      | Got a tattered robe
  4674 | D:5      | Identified the +1 robe of Midwinter {Slay+3} (You found it
                  | on level 5 of the Dungeon)
  5131 | D:6      | Found Sewkymme's Antique Weapon Emporium.
  5139 | D:6      | Reached skill level 1 in Stealth
  5139 | D:6      | Reached XP level 8. HP: 14/61 MP: 8/8
  5143 | D:6      | Slain by an ogre

Skill      XL: |  1  2  3  4  5  6  7 |
---------------+----------------------+-----
Dodging        | 2 3 |  3.4
Long Blades    | 3 4 |  4.3
Short Blades   | 1 2 4 |  4.9
Armour         | 2 3 |  3.9
Fighting       | 4 |  4.6
Stealth        | 1 |  1.0
Shields        | |  0.7

Action                   |  1- 3 |  4- 6 |  7- 9 || total
-------------------------+-------+-------+-------++-------
Melee: Falchion          |    86 |    55 |       ||   141
       Kick              |    16 |    54 |    32 ||   102
       Short sword       |       |   165 |    86 ||   251
  Use: Potion            |       |     5 |     1 ||     6
       Scroll            |       |     8 |     2 ||    10
  Eat: Ration            |     1 |     4 |     1 ||     6
Armor: Animal skin       |    19 |     9 |       ||    28
       Skin              |       |    48 |       ||    48
       Chain mail        |       |    97 |    36 ||   133
       Robe              |       |       |     1 ||     1
Dodge: Dodged            |    80 |   104 |    30 ||   214
Block: Shield            |       |       |    20 ||    20
       Rpst.: Falchion   |    30 |     5 |       ||    35
